 Dungeon Crawl Stone Soup version 0.27-a0-416-gca2cecf3c0 (webtiles) character file.

Game seed: 14899755823920455988

515 dolemite99 the Chopper (level 7, -9/50 HPs)
             Began as a Demonspawn Gladiator on Feb 25, 2021.
             Was a Follower of Wu Jian.
             Mangled by an ice beast (14 damage)
             ... on level 5 of the Dungeon.
             The game lasted 00:05:45 (5128 turns).

dolemite99 the Chopper (Demonspawn Gladiator)       Turns: 5128, Time: 00:05:46

Health: -9/50      AC: 12    Str: 17    XL:     7   Next: 0%
Magic:  7/7        EV:  5    Int:  9    God:    Wu Jian [*.....]
Gold:   173        SH:  0    Dex: 14    Spells: 6/6 levels left

rFire    . . .     SeeInvis .   a - +0 war axe
rCold    . . .     Faith    .   (no shield)
rNeg     . . .     Spirit   .   i - +0 plate armour
rPois    .         Reflect  .   c - +0 helmet
rElec    .         Harm     .   v - +0 cloak
rCorr    .         Rampage  .   (no gloves)
Will     .....                  (no boots)
Stlth    ..........             (no amulet)
HPRegen  0.16/turn              (no ring)
MPRegen  0.10/turn              (no ring)

@: mighty, lethally poisoned (-9 -> -17)
A: talons 1, ignite blood 1, demonic magic 1
a: Renounce Religion


You were on level 5 of the Dungeon.
You worshipped Wu Jian.
Wu Jian was aware of your devotion.
You visited 1 branch of the dungeon, and saw 5 of its levels.

You collected 173 gold pieces.

Inventory:

Hand Weapons
 a - a +0 war axe (weapon)
 f - a +0 hunting sling
 n - a +0 hunting sling
Missiles
 d - 5 throwing nets (quivered)
 e - 26 sling bullets
 h - 149 stones
 t - 31 bolts
 u - 60 arrows
Armour
 b - a +0 leather armour
 c - a +0 helmet (worn)
 i - a +0 plate armour (worn)
 v - a +0 cloak (worn)
Jewellery
 w - a ring of positive energy
 B - a ring of resist corrosion
Wands
 m - a wand of flame (17)
Scrolls
 k - 3 scrolls of amnesia {unknown}
 o - a scroll of fear {unknown}
 q - 2 scrolls of enchant armour {unknown}
 y - a scroll of blinking {unknown}
Potions
 g - a potion of flight {unknown}
 j - a potion of resistance {unknown}
 l - a potion of brilliance
 p - a potion of might
 r - a potion of cancellation {unknown}
 s - a potion of haste {unknown}
 x - a potion of magic {unknown}
 z - a potion of berserk rage {unknown}
 A - a potion of lignification {unknown}


   Skills:
 - Level 2.0 Fighting
 + Level 7.3 Axes
 - Level 1.7 Throwing
 - Level 2.6 Dodging


You had 6 spell levels left.
You didn't know any spells.
Your spell library was empty.

Dungeon Overview and Level Annotations

Branches:
Dungeon (5/15)
 Temple: D:4-7

Altars:
Cheibriados
Gozag
Ru
Uskayaw
Vehumet
Wu Jian

Shops:
D:5 =


Innate Abilities, Weirdness & Mutations

You have sharp toenails.
Your demonic aura sometimes causes spilled blood to erupt in flames Spells you cast may paralyse adjacent enemies.


Message History

The ice beast hits you but does no damage. x2
You slash the ice beast! Your kick misses the ice beast.
The ice beast is moderately wounded.
The ice beast barely misses you.
You hit the ice beast but do no damage. Your kick misses the ice beast.
The ice beast is moderately wounded.
You closely miss the worker ant.
The worker ant bites you but does no damage.
The ice beast hits you. The ice beast freezes you!
The worker ant bites you but does no damage.
You hit the worker ant but do no damage.
Your kick misses the worker ant. You hit the ice beast.
The worker ant bites you but does no damage.
The ice beast hits you but does no damage.
You barely miss the worker ant. You barely miss the ice beast.
The worker ant barely misses you.
The ice beast hits you but does no damage.
You hit the worker ant but do no damage.
You hit the ice beast. The worker ant bites you.
You are poisoned.
The worker ant poisons you! The ice beast hits you. The ice beast freezes you!
The worker ant bites you.
You are more poisoned.
The worker ant poisons you!
You hit the worker ant. You claw the worker ant.
The worker ant is lightly wounded.
You closely miss the ice beast.
You feel sick.
The frilled lizard hisses.
The ice beast hits you. The ice beast freezes you!
* * * LOW HITPOINT WARNING * * *
The worker ant barely misses you.
It was a potion of might.
You feel very mighty all of a sudden.
* * * LOW HITPOINT WARNING * * *
You feel sick.
The worker ant bites you but does no damage.
The ice beast hits you.
* * * LOW HITPOINT WARNING * * *
The ice beast freezes you!
You die...

###B## #.# ....
#.#### #.##
##....
##.<###.∩######.
#.[.B(..........
###.####B######
...# #l# #...#
#Y# ###.# #@#
#.# #B# #.# #.#
#. #.# #.# ../
#.# #.#


You could see an ice beast, 2 worker ants and a frilled lizard.

Vanquished Creatures
  Purgy (D:3)
  An ogre (D:4)
  An orc priest (D:3)
  An iguana (D:4)
  A worker ant (D:4)
  6 gnolls
  7 adders
  3 oozes
  2 worms
  4 dart slugs
  5 leopard geckos
  3 orcs (D:3)
  A ball python (D:2)
  6 bats
  7 giant cockroaches
  12 goblins
  8 hobgoblins
  12 jackals
  5 kobolds
  2 quokkas
  8 frilled lizards
  7 rats
103 creatures vanquished.

Vanquished Creatures (others)
  43 plants (D:4)
43 creatures vanquished.

Grand Total: 146 creatures vanquished

Notes
Turn   | Place    | Note
-------+----------+-------------------------------------------
     0 | D:1      | dolemite99 the Demonspawn Gladiator began the quest for the
                  | Orb.
     0 | D:1      | Reached XP level 1. HP: 16/16 MP: 1/1
     0 | D:1      | Found a snail-covered altar of Cheibriados.
   169 | D:1      | Reached skill level 3 in Axes
   181 | D:1      | Gained mutation: Spells you cast may paralyse adjacent
                  | enemies. [demonic ancestry]
   181 | D:1      | Reached XP level 2. HP: 22/22 MP: 2/2
   704 | D:1      | Reached XP level 3. HP: 27/27 MP: 3/3
   854 | D:2      | Reached skill level 4 in Axes
  1425 | D:1      | Gained mutation: You have sharp toenails. [demonic
                  | ancestry]
  1425 | D:1      | Reached XP level 4. HP: 28/33 MP: 4/4
  1920 | D:2      | Found an ornate altar of the Wu Jian Council.
  1937 | D:2      | Became a worshipper of the Wu Jian Council
  1955 | D:2      | Noticed a +0 hand axe
  1958 | D:2      | Noticed a +0 hand axe
  1959 | D:2      | Found a hide-covered altar of Uskayaw.
  2109 | D:1      | Reached skill level 5 in Axes
  2306 | D:2      | Reached XP level 5. HP: 34/38 MP: 5/5
  2549 | D:2      | Found a sacrificial altar of Ru.
  2810 | D:2      | Reached * piety under Wu Jian
  3624 | D:3      | Reached skill level 6 in Axes
  3711 | D:3      | Found a sacrificial altar of Ru.
  3726 | D:3      | Noticed Purgy
  3735 | D:3      | Killed Purgy
  3736 | D:3      | Reached XP level 6. HP: 38/44 MP: 6/6
  3976 | D:3      | Found an opulent altar of Gozag.
  4081 | D:3      | Found a radiant altar of Vehumet.
  4620 | D:4      | Reached skill level 7 in Axes
  5047 | D:4      | Gained mutation: Your demonic aura sometimes causes spilled
                  | blood to erupt in flames [demonic ancestry]
  5047 | D:4      | Reached XP level 7. HP: 47/50 MP: 7/7
  5109 | D:5      | Entered Level 5 of the Dungeon
  5113 | D:5      | Found Ymushryogi's Jewellery Shop.
  5128 | D:5      | Mangled by an ice beast

Illustrated notes

Levels and vault maps discovered:
D:1:      sevenhm_arrival_forest_fort_small_6, layout_loops_cross
D:2:      layout_rooms, dancing_weapons_uskayaw, lemuel_doored_altar,
          st_stairs_2, nicolae_ru_path_of_blood
D:3:      layout_rooms, nicolae_overflow_hidden_temple, grunt_gozag_breadcrumbs,
          uniq_purgy
D:4:      layout_basic, serial_bayou, serial_bayou_ford_a,
          serial_bayou_lagoon_a, serial_bayou_lagoon_b, serial_bayou_pond_e,
          serial_bayou_pond_b
D:5:      layout_basic, amethyst_overflow_temple_binary, serial_shops, shop,
          uniq_ijyb

Skill      XL: |  1  2  3  4  5  6 |
---------------+-------------------+-----
Axes           | 3 4 5 6 7 |  7.3
Fighting       | |  2.0
Throwing       | |  1.7
Dodging        | |  2.6

Action                   |  1- 3 |  4- 6 |  7- 9 || total
-------------------------+-------+-------+-------++-------
Melee: War axe           |    93 |   179 |     7 ||   279
       Kick              |       |    49 |     1 ||    50
Invok: Lunge             |       |     5 |       ||     5
       Whirlwind         |       |     5 |       ||     5
  Use: Scroll            |     3 |     3 |       ||     6
       Potion            |       |     3 |     1 ||     4
 Stab: Invisible         |       |     4 |       ||     4
Armor: Leather armour    |    12 |       |       ||    12
       Plate armour      |   117 |   215 |     8 ||   340
Dodge: Dodged            |    57 |    83 |     3 ||   143

Table legend: (Time is in decaauts)
 A = Elapsed time spent in this place.
 B = Non-inter-level travel time spent in this place.
 C = Inter-level travel time spent in this place.
 D = Time resting spent in this place.
 E = Time spent auto-exploring this place.
 F = Levels seen in this place.
 G = Mean time per level.
                   A        B        C        D        E       F      G
               +--------+--------+--------+--------+--------+-----+--------+
         Total |   5208 |   5112 |     96 |   2919 |   1112 |   5 | 1041.6 |
       Dungeon |   5208 |   5112 |     96 |   2919 |   1112 |   5 | 1041.6 |
               +--------+--------+--------+--------+--------+-----+--------+

Top non-repeatable levels by time:
     D:1: 2040 daAuts
     D:2: 1708 daAuts
     D:4: 901 daAuts
     D:3: 538 daAuts
     D:5: 19 daAuts
